 Dungeon Crawl Stone Soup version 0.31-a0-441-g867994ef1c (webtiles) character file.

Game seed: 190551420564395440

202 Anon1729 the Trooper (level 5, -3/47 HPs)
             Began as a Minotaur Monk on Aug 2, 2023.
             Slain by Duvessa
             ... wielding a +0 rapier
              (8 damage)
             ... on level 4 of the Dungeon.
             The game lasted 00:00:57 (3112 turns).

Anon1729 the Trooper (Minotaur Monk)                Turns: 3112, Time: 00:00:57

Health: -3/47      AC:  2    Str: 16    XL:     5   Next: 50%
Magic:  5/5        EV: 13    Int:  7    God:
Gold:   120        SH:  0    Dex: 14    Spells: 4/4 levels left

rFire   + . .        a - +0 short sword
rCold   . . .        d - orb {light}
rNeg    . . .        b - +0 robe
rPois   .            (helmet restricted)
rElec   .            (no cloak)
rCorr   .            (no gloves)
SInv    .            (no boots)
Will    .....        (no amulet)
Stlth   +            m - ring of protection from fire
HPRegen 0.27/turn    (no ring)
MPRegen 0.09/turn

%: no passive effects
@: glowing
A: horns 2, retaliatory headbutt
a: no special abilities


You were on level 4 of the Dungeon.
You visited 1 branch of the dungeon, and saw 4 of its levels.

You collected 120 gold pieces.

Inventory:

Hand Weapons
 a - a +0 short sword (weapon)
Missiles
 h - a throwing net
Armour
 b - a +0 robe (worn)
 d - an orb of light (worn)
Jewellery
 m - a ring of protection from fire (left hand)
Wands
 p - a wand of charming (8)
Scrolls
 e - 2 scrolls of amnesia {unknown}
 g - 4 scrolls of teleportation {unknown}
 j - a scroll of immolation {unknown}
 k - 2 scrolls of poison {unknown}
 l - a scroll of blinking {unknown}
 n - a scroll of vulnerability {unknown}
 o - 3 scrolls of identify {unknown}
Potions
 c - a potion of ambrosia
 f - a potion of heal wounds {unknown}
 i - a potion of mutation {unknown}


   Skills:
 + Level 4.7 Fighting
 + Level 4.3 Short Blades
 + Level 2.3 Armour
 + Level 4.3 Dodging
 + Level 1.9 Invocations


You had 4 spell levels left.
You didn't know any spells.
Your spell library contained the following spells:

 Spells                   Type           Power      Damage    Failure   Level
 Blink                    Tloc           0%         N/A       56%         2
 Lesser Beckoning         Tloc           0%         N/A       56%         2
 Momentum Strike          Conj/Tloc      0%         3d8       56%         2
 Tukima's Dance           Hex            0%         N/A       80%         3
 Passage of Golubria      Tloc           0%         N/A       99%         4
 Yara's Violent Unravell  Hex/Tmut       0%         3d3       100%        5


Dungeon Overview and Level Annotations

Branches:
Dungeon (4/15)
 Temple: D:4-7

Altars:
Makhleb
Okawaru
Trog
Yredelemnul

Annotations:
D:4 Dowan, Duvessa


Innate Abilities, Weirdness & Mutations

You have a pair of horns on your head.
You reflexively headbutt those who attack you in melee.


Message History

You hit Duvessa.
Duvessa is lightly wounded.
The kobold closely misses you. Dowan closely misses you.
Duvessa closely misses you.
You hit Duvessa. You headbutt Duvessa!
Duvessa is heavily wounded.
Duvessa closely misses you. You furiously retaliate!
You headbutt Duvessa. Dowan hits you with a +0 dagger.
The kobold closely misses you.
You are too injured to fight recklessly!
You are too injured to fight recklessly!
You are too injured to fight recklessly!
You are too injured to fight recklessly!
You are too injured to fight recklessly!
You are too injured to fight recklessly!
You are too injured to fight recklessly!
You are too injured to fight recklessly!
You are too injured to fight recklessly!
You are too injured to fight recklessly!
You are too injured to fight recklessly!
You are too injured to fight recklessly!
You are too injured to fight recklessly!
You are too injured to fight recklessly!
You are too injured to fight recklessly!
You are too injured to fight recklessly!
Duvessa attacks as you move away! Duvessa hits you with a +0 rapier!
* * * LOW HITPOINT WARNING * * *
The kobold attacks as you move away! The kobold barely misses you.
The kobold throws a stone.
The stone hits you.
* * * LOW HITPOINT WARNING * * *
Aiming: Charm
Press: ? - help, Shift-Dir - straight line, f - Duvessa
Aim: Duvessa, wielding a +0 rapier and wearing a +0 ring mail (heavily wounded, haloed, chance to affect: 31%) Duvessa easily resists.
Duvessa hits you with a +0 rapier.
* * * LOW HITPOINT WARNING * * *
Dowan hits you but does no damage.
Aiming: Charm
Press: ? - help, Shift-Dir - straight line, f/p - Duvessa
Aim: Duvessa, wielding a +0 rapier and wearing a +0 ring mail (heavily wounded, haloed, chance to affect: 31%) Duvessa easily resists.
Duvessa hits you with a +0 rapier!
You die...

##### #####...#########
#.............e.#######
#.###........@eK.......
#.#####.#######SJ...#.
#..####.## #......!.
#........# #..>.....
#..####..# #.....#.#
####†.# #..# ##....# #
#.....# #..# #.#....#
#.###.# #..####.#......
#.# #.#
#........#......


You could see Duvessa, Dowan, a jelly, an adder and a kobold.

Vanquished Creatures
  Natasha (twice) (D:4)
  Ijyb (D:4)
  4 adders
  A white imp (D:4)
  2 worms
  4 dart slugs
  2 orcs (D:4)
  14 ball pythons
  6 endoplasms
  6 giant cockroaches
  5 goblins
  6 hobgoblins
  2 jackals (D:1)
  A quokka (D:2)
  4 bats
  2 frilled lizards (D:2)
  4 kobolds
  6 rats
72 creatures vanquished.

Notes
Turn   | Place    | Note
-------+----------+-------------------------------------------
     0 | D:1      | Anon1729 the Minotaur Monk began the quest for the Orb.
     0 | D:1      | Reached XP level 1. HP: 19/19 MP: 0/0
   197 | D:1      | Reached XP level 2. HP: 27/27 MP: 1/1
   959 | D:2      | Reached XP level 3. HP: 33/33 MP: 2/2
  1039 | D:2      | Reached skill level 1 in Armour
  1126 | D:2      | Reached skill level 1 in Invocations
  1412 | D:2      | Reached XP level 4. HP: 40/40 MP: 3/3
  1514 | D:2      | Found an iron altar of Okawaru.
  2648 | D:4      | Found a burning altar of Makhleb.
  2648 | D:4      | Found a bloodstained altar of Trog.
  2682 | D:4      | Noticed Natasha
  2694 | D:4      | Killed Natasha
  2695 | D:4      | Reached XP level 5. HP: 35/47 MP: 5/5
  2746 | D:4      | Found a basalt altar of Yredelemnul.
  2753 | D:4      | Noticed Natasha
  2765 | D:4      | Killed Natasha
  2927 | D:4      | Noticed Ijyb
  2955 | D:4      | Killed Ijyb
  3100 | D:4      | Noticed Dowan
  3101 | D:4      | Noticed Duvessa
  3112 | D:4      | Slain by Duvessa

Illustrated notes

Levels and vault maps discovered:
D:1:      ldierk_walled_garden_2, layout_basic, st_stairs_7
D:2:      layout_loops_ring, basic_altar, st_stairs_13
D:3:      layout_loops_ring
D:4:      layout_loops_ring, chequers_temple_overflow_statue_of_worship,
          mainiacjoe_overflow_small_starburst, uniq_ijyb, uniq_natasha,
          uniq_duvessa

Skill      XL: |  1  2  3  4 |
---------------+-------------+-----
Fighting       | 4 |  4.7
Armour         | 1 2 |  2.3
Invocations    | 1 |  1.9
Dodging        | 4 |  4.3
Short Blades   | 4 |  4.3

Action                     |  1- 3 |  4- 6 || total
---------------------------+-------+-------++-------
  Melee: Short sword       |    93 |   104 ||   197
         Headbutt          |    17 |    19 ||    36
  Evoke: Wand              |       |     2 ||     2
 Armour: Robe              |     9 |    11 ||    20
  Dodge: Dodged            |    53 |    53 ||   106

Table legend: (Time is in decaauts)
 A = Elapsed time spent in this place.
 B = Non-inter-level travel time spent in this place.
 C = Inter-level travel time spent in this place.
 D = Time resting spent in this place.
 E = Time spent auto-exploring this place.
 F = Levels seen in this place.
 G = Mean time per level.
                   A        B        C        D        E       F      G
               +--------+--------+--------+--------+--------+-----+--------+
         Total |   3072 |   2980 |     92 |    159 |   2434 |   4 |  768.0 |
       Dungeon |   3072 |   2980 |     92 |    159 |   2434 |   4 |  768.0 |
               +--------+--------+--------+--------+--------+-----+--------+

Top non-repeatable levels by time:
     D:1: 942 daAuts
     D:3: 773 daAuts
     D:2: 736 daAuts
     D:4: 619 daAuts
